 Dungeon Crawl Stone Soup version 0.31-a0-971-g75a2e9a4b4 (webtiles) character file.

Game seed: 4283648489203889069

25 avis the Ducker (level 2, 13/13 HPs)
             Began as a Felid Artificer on Oct 29, 2023.
             Got out of the dungeon alive.
             The game lasted 00:06:35 (946 turns).

avis the Ducker (Felid Artificer)                    Turns: 946, Time: 00:06:35

Health: 13/13      AC:  1    Str:  8    XL:     2   Next: 86%
Magic:  3/3        EV: 18    Int: 12    God:
Gold:   157        SH:  0    Dex: 16    Spells: 1/1 levels left
                                        Lives:  0   Deaths: 1

rFire   . . .        (weapon unavailable)
rCold   . . .        (shield unavailable)
rNeg    . . .        (body armour unavailable)
rPois   .            (helmet unavailable)
rElec   .            (cloak unavailable)
rCorr   .            (gloves unavailable)
SInv    +            (boots unavailable)
Will    .....        (no amulet)
Stlth   ++           (no ring)
HPRegen 0.22/turn    (no ring)
MPRegen 0.08/turn

%: no passive effects
@: quick
A: very small, claws 1, fangs 3, see invisible, speed 1, shaggy fur 1, stealthy
paws, no weapons or thrown items, no armour, multi-lived
a: no special abilities


You escaped.
You visited 1 branch of the dungeon, and saw 3 of its levels.

You collected 157 gold pieces.

Inventory:

Wands
 a - a wand of flame (15) (quivered)
 b - a wand of charming (15)
 c - a wand of iceblast (5)
Scrolls
 f - 2 scrolls of poison {unknown}
 g - a scroll of identify {unknown}
 j - a scroll of revelation {unknown}
Potions
 d - a potion of berserk rage {unknown}
 e - a potion of brilliance {unknown}
 h - a potion of cancellation {unknown}
 i - a potion of heal wounds {unknown}


   Skills:
 - Level 2.0 Fighting
 - Level 4.0 Dodging
 - Level 1.3 Stealth
 * Level 0.9 Unarmed Combat
 - Level 3.2 Evocations


You had one spell level left.
You didn't know any spells.
Your spell library contained the following spells:

 Spells                   Type           Power      Damage    Failure   Level
 Animate Dead             Necr           0%         N/A       97%         4
 Borgnjor's Vile Clutch   Necr/Erth      0%         N/A       100%        5
 Death Channel            Necr           0%         N/A       100%        6


Dungeon Overview and Level Annotations

Branches:
Dungeon (3/15)

Altars:


Innate Abilities, Weirdness & Mutations

You have sharp claws.
You have razor-sharp teeth.
You have supernaturally acute eyesight. (SInv)
You cover ground quickly. (Speed+)
You are covered in fur. (AC +1)
Your paws help you pounce on unaware monsters.
You are incapable of wielding weapons or throwing items.
You cannot wear armour.
You gain extra lives every three experience levels.


Message History

An orc priest comes into view.
It is wielding a +0 flail of protection.
The orc barely misses you. A mysterious force pulls you upwards.
The hatch slams shut behind you.
You scratch the orc but do no damage. The orc barely misses you.
You scratch the orc but do no damage. The orc misses you.
You scratch the orc.
The orc is lightly wounded.
The orc closely misses you.
You scratch the orc but do no damage. The orc barely misses you.
You barely miss the orc. The orc hits you with a +0 flail.
You completely miss the orc. The orc barely misses you.
You scratch the orc but do no damage. The orc barely misses you.
You scratch the orc.
The orc is severely wounded.
The orc misses you.
You barely miss the orc.
The orc is severely wounded.
The orc hits you with a +0 flail!
Ouch! That really hurt!
* * * LOW HITPOINT WARNING * * *
You scratch the orc but do no damage. Your bite misses the orc.
The orc is severely wounded.
The orc barely misses you.
You scratch the orc but do no damage. Your claw misses the orc.
The orc is severely wounded.
The orc hits you with a +0 flail!
Ouch! That really hurt!
You die...
You rejoin the land of the living...
There is a stone staircase leading up here.
You climb upwards.
There is a stone staircase leading down, spattered with blood here.
Things that are here:
a +0 club; a +2 dagger of speed; a goblin skeleton
There is a stone staircase leading down here.
You see here a +0 dagger.
Things that are here:
a +0 club; a goblin skeleton
There is a staircase leading out of the dungeon here.
You have escaped!

#.......####
#........##
#.....≈...#
.#....≈.≈..#
......≈...≈.#####
..#...§...≈......
..........≈......
....≈≈≈≈≈.≈.≈.....
...§....@.≈..§....
.§§....§......≈≈..
§§§....≈≈≈≈..§§≈.
§≈≈≈≈......§≈§§.
............§§§.
.##.############
.. ##


There were no monsters in sight!

Vanquished Creatures
  2 dart slugs
  An orc (D:3)
  4 bats
  An endoplasm (D:1)
  A giant cockroach (D:2)
  4 goblins (D:1)
  A hobgoblin (D:2)
  2 ball pythons (D:2)
  A frilled lizard (D:2)
  2 kobolds (D:2)
19 creatures vanquished.

Notes
Turn   | Place    | Note
-------+----------+-------------------------------------------
     0 | D:1      | avis the Felid Artificer began the quest for the Orb.
     0 | D:1      | Reached XP level 1. HP: 9/9 MP: 2/2
    57 | D:1      | Found a faded altar of an unknown god.
   230 | D:1      | Reached XP level 2. HP: 7/13 MP: 3/3
   468 | D:2      | Reached skill level 4 in Dodging
   872 | D:2      | Slain by an orc
   946 | D:$      | Got out of the dungeon alive.

Illustrated notes

Levels and vault maps discovered:
D:1:      ebering_trefoil_3fold, layout_loops_cross,
          ebering_ecumenical_altar_mist
D:2:      layout_rooms
D:3:      layout_loops_corners, lemuel_coloured_pillars_altar,
          nicolae_ru_the_path_less_chosen, serial_bayou_lake_a, uniq_grinder,
          uniq_robin, uniq_ijyb

Skill      XL: |  1  2 |
---------------+-------+-----
Fighting       | 2 |  2.0
Dodging        | 4 |  4.0
Stealth        | |  1.3
Unarmed Combat | |  0.9
Evocations     | |  3.2

Action                     || total
---------------------------++-------
  Melee: Unarmed           ||    93
         Bite              ||     7
   Stab: Sleeping          ||     2
 Armour: Skin              ||    34
  Dodge: Dodged            ||    82

Table legend: (Time is in decaauts)
 A = Elapsed time spent in this place.
 B = Non-inter-level travel time spent in this place.
 C = Inter-level travel time spent in this place.
 D = Time resting spent in this place.
 E = Time spent auto-exploring this place.
 F = Levels seen in this place.
 G = Mean time per level.
                   A        B        C        D        E       F      G
               +--------+--------+--------+--------+--------+-----+--------+
         Total |    816 |    709 |    107 |    111 |    320 |   3 |  272.0 |
       Dungeon |    816 |    709 |    107 |    111 |    320 |   3 |  272.0 |
               +--------+--------+--------+--------+--------+-----+--------+

Top non-repeatable levels by time:
     D:2: 474 daAuts
     D:1: 245 daAuts
     D:3: 97 daAuts
